 Dungeon Crawl Stone Soup version 0.28-b1-25-g9875b3fc8c (webtiles) character file.

Game seed: 18028062389641668121

11 Armakuni the Sneak (level 2, -2/26 HPs)
             Began as a Ghoul Delver on Feb 6, 2022.
             Slain by a white imp (3 damage)
             ... on level 6 of the Dungeon.
             The game lasted 00:03:28 (596 turns).

Armakuni the Sneak (Ghoul Delver)                    Turns: 596, Time: 00:03:29

Health: -2/26      AC:  3    Str: 15    XL:     2   Next: 25%
Magic:  1/1        EV: 11    Int:  5    God:
Gold:   12         SH:  0    Dex: 10    Spells: 1/1 levels left

rFire   . . .      SeeInvis .     - Unarmed
rCold   + . .      Faith    .   (no shield)
rNeg    + + +      Spirit   .   a - +0 leather armour
rPois   ∞          Reflect  .   (no helmet)
rElec   .          Harm     .   (no cloak)
rCorr   .          Rampage  .   (no gloves)
Will    .....                   (no boots)
Stlth   +++.......              (no amulet)
HPRegen 0.00/turn               (no ring)
MPRegen 0.07/turn               (no ring)

@: inhibited regen
A: claws 1, cold resistance 1, negative energy resistance 3, inhibited
regeneration, torment resistance 2
a: no special abilities


You were on level 6 of the Dungeon.
You visited 1 branch of the dungeon, and saw 2 of its levels.

You collected 12 gold pieces.

Inventory:

Missiles
 h - 2 poisoned darts (quivered)
 i - a throwing net
Armour
 a - a +0 leather armour (worn)
Wands
 f - a wand of digging (3)
Scrolls
 b - a scroll of fog
 d - a scroll of fear
Potions
 e - a potion of haste


   Skills:
 + Level 3.5 Fighting
 + Level 2.1 Dodging
 - Level 5.4 Stealth
 + Level 2.5 Unarmed Combat


You had one spell level left.
You didn't know any spells.
Your spell library was empty.

Dungeon Overview and Level Annotations

Branches:
Dungeon (6/15)
 Temple: D:4-7

Altars:

Shops:
D:5 (


Innate Abilities, Weirdness & Mutations

You thrive by killing the living.
You are immune to poison.
You have sharp fingernails.
Your flesh is cold resistant. (rC+)
You are immune to negative energy. (rN+++)
You do not regenerate when monsters are visible.
You are immune to unholy pain and torment.


Message History

The white imp shouts, "Give up, thou erky fool-headed toady!"
The white imp closely misses you.
You scratch the white imp. Your claw misses the white imp.
The white imp is moderately wounded.
The white imp hits you. The white imp freezes you. You resist.
You scratch the white imp but do no damage.
The white imp is moderately wounded.
The white imp hits you. The white imp freezes you. You resist.
You barely miss the white imp.
The white imp is moderately wounded.
The white imp hits you but does no damage.
You barely miss the white imp.
The white imp is lightly wounded.
The white imp hits you but does no damage.
You scratch the white imp but do no damage.
The white imp is lightly wounded.
The white imp misses you.
You scratch the white imp.
The white imp is heavily wounded.
The white imp hits you. The white imp freezes you. You resist.
You scratch the white imp but do no damage.
The white imp is heavily wounded.
The white imp completely misses you.
You closely miss the white imp.
The white imp is heavily wounded.
The white imp hits you but does no damage.
You barely miss the white imp.
The white imp is heavily wounded.
The white imp gestures at you. The puff of frost hits you. You resist.
* * * LOW HITPOINT WARNING * * *
You scratch the white imp but do no damage.
The white imp is heavily wounded.
The white imp gestures at you. The puff of frost hits you. You resist.
* * * LOW HITPOINT WARNING * * *
You barely miss the white imp.
The white imp is heavily wounded.
The white imp hits you.
You die...

#. .. ...
#.## ...
...#...#
..#...#
#.#...#
#.#...#
#@5.#.#
#.....#
#.....#.#
#.#<....#
#.#.#.#.#
#...#.# #
##### #


You could see a white imp.

Vanquished Creatures
  A dart slug (D:5)
  2 orcs (D:5)
  3 training dummies (D:5)
6 creatures vanquished.

Notes
Turn   | Place    | Note
-------+----------+-------------------------------------------
     0 | D:5      | Armakuni the Ghoul Delver began the quest for the Orb.
     0 | D:5      | Reached XP level 1. HP: 19/19 MP: 0/0
    20 | D:5      | Found Edusek's Firing Range.
   102 | D:5      | Reached XP level 2. HP: 3/26 MP: 1/1
   532 | D:5      | Noticed an ogre
   595 | D:6      | HP: 1/26 [white imp/puff of frost (6)]
   596 | D:6      | Slain by a white imp

Illustrated notes

Levels and vault maps discovered:
D:5:      layout_basic, nicolae_shop_firing_range
D:6:      minmay_flawed_box, layout_basic

Skill      XL: |  1 |
---------------+----+-----
Dodging        | 2 |  2.1
Fighting       | |  3.5
Stealth        | |  5.4
Unarmed Combat | |  2.5

Action                   || total
-------------------------++-------
Melee: Unarmed           ||    30
Throw: Dart              ||     2
       Throwing net      ||     1
  Use: Scroll            ||     2
 Stab: Sleeping          ||     1
Armor: Leather armour    ||     7
Dodge: Dodged            ||    11
